 Dungeon Crawl Stone Soup version 0.28-a0-724-g66f9036eb4 (webtiles) character file.

Game seed: 5890462883111490873

159 Ijustatesigmund the Covert (level 5, -1/47 HPs)
             Began as a Gnoll Delver on Oct 27, 2021.
             Splashed by a jelly's acid (7 damage)
             ... on level 3 of the Dungeon.
             The game lasted 00:08:08 (3951 turns).

Ijustatesigmund the Covert (Gnoll Delver)           Turns: 3951, Time: 00:08:08

Health: -1/47      AC:  1    Str:  8 (11) XL:     5   Next: 40%
Magic:  7/7        EV:  3    Int: 16 (17) God:
Gold:   134        SH: 11    Dex: 13      Spells: 6/6 levels left

rFire   . . .      SeeInvis .   a - +1 hand axe
rCold   . . .      Faith    .   u - +2 buckler {reflect}
rNeg    . . .      Spirit   .   b - +0 chain mail
rPois   +          Reflect  +   (no helmet)
rElec   .          Harm     .   (no cloak)
rCorr   .          Rampage  .   (no gloves)
Will    .....                   q - +0 pair of boots
Stlth   +.........              t - amulet of reflection
HPRegen 0.15/turn               i - ring of poison resistance
MPRegen 0.10/turn               n - +6 ring of intelligence

@: corroded, hasted, very quick
A: fangs 1, strong nose, distributed training
a: no special abilities


You were on level 3 of the Dungeon.
You visited 1 branch of the dungeon, and saw 5 of its levels.

You collected 134 gold pieces.

Inventory:

Hand Weapons
 a - a +1 hand axe (weapon)
 e - a +2 short sword of flaming
Missiles
 w - 4 poisoned darts (quivered)
Armour
 b - a +0 chain mail (worn)
 q - a +0 pair of boots (worn)
 u - a +2 buckler of reflection (worn)
Jewellery
 i - a ring of poison resistance (left hand)
 k - a ring of fire
 n - a +6 ring of intelligence (right hand)
 t - an amulet of reflection (around neck)
Wands
 g - a wand of digging (3)
Scrolls
 c - a scroll of fog
 d - a scroll of magic mapping
 v - a scroll of identify
Potions
 h - a potion of cancellation
 j - a potion of brilliance
 l - 2 potions of attraction
 m - a potion of heal wounds
 o - a potion of resistance {unknown}
 r - a potion of magic {unknown}
 s - a potion of might {unknown}


   Skills:
 + Level 6.7 Fighting
 + Level 1.4 Short Blades
 + Level 1.4 Long Blades
 + Level 4.8 Axes
 + Level 1.4 Maces & Flails
 + Level 1.4 Polearms
 + Level 1.4 Staves
 + Level 1.4 Slings
 + Level 1.4 Bows
 + Level 1.4 Crossbows
 + Level 1.4 Throwing
 + Level 1.4 Armour
 + Level 4.8 Dodging
 + Level 9.7 Stealth
 + Level 1.4 Shields
 + Level 1.4 Unarmed Combat
 + Level 1.4 Spellcasting
 + Level 1.1 Conjurations
 + Level 1.1 Hexes
 + Level 1.1 Summonings
 + Level 1.1 Necromancy
 + Level 1.1 Translocations
 + Level 1.1 Transmutations
 + Level 1.1 Fire Magic
 + Level 1.1 Ice Magic
 + Level 1.1 Air Magic
 + Level 1.1 Earth Magic
 + Level 1.1 Poison Magic
 + Level 1.6 Invocations
 + Level 1.4 Evocations


You had 6 spell levels left.
You didn't know any spells.
Your spell library contained the following spells:

 Spells                   Type           Power      Damage    Failure   Level
 Beastly Appendage        Tmut           8%         N/A       100%        1
 Freeze                   Ice            16%        1d4       100%        1
 Static Discharge         Conj/Air       4%         N/A       100%        2
 Wereblood                Tmut           4%         N/A       100%        2
 Frozen Ramparts          Ice            8%         1d2       100%        3
 Spider Form              Tmut/Pois      2%         N/A       100%        3
 Hailstorm                Conj/Ice       4%         3d4       100%        4
 Lightning Bolt           Conj/Air       2%         1d13      100%        5
 Maxwell's Capacitive Co  Air            2%         ∞         100%        8


Dungeon Overview and Level Annotations

Branches:
Dungeon (5/15)
 Temple: D:4-7

Altars:

Annotations:
D:5 Sigmund


Innate Abilities, Weirdness & Mutations

You have very sharp teeth.
Your uncanny sense of smell can sniff out nearby items.
Your experience applies equally to all skills.


Message History

An endoplasm and a jelly come into view.
The endoplasm quivers.
You hit the jelly.
Your hands burn!
The jelly is moderately wounded.
You block the jelly's attack. x2
You hit the jelly. The acid corrodes you!
Your hands burn!
The jelly is heavily wounded.
The jelly hits you but does no damage.
You hit the jelly. The acid corrodes you!
Your hands burn!
The jelly is severely wounded.
You block the jelly's attack.
You hit the jelly.
Your hands burn!
The jelly is severely wounded.
The jelly hits you.
You are splashed with acid!
You hit the jelly but do no damage.
Your hands burn!
The jelly is severely wounded.
You block the jelly's attack.
You hit the jelly.
Your hands burn!
The jelly is almost dead.
The jelly hits you.
You are splashed with acid!
You are too injured to fight recklessly!
You are too injured to fight recklessly!
You are too injured to fight recklessly!
You are too injured to fight recklessly!
You are too injured to fight recklessly!
Okay, then.
You feel yourself speed up. The jelly hits you.
You are splashed with acid!
* * * LOW HITPOINT WARNING * * *
There is an open door here.
There is a stone staircase leading down here.
You climb downwards.
The orc wizard shouts!
The orc shouts! x3
Found 9 gold pieces and a dagger.
There is a stone staircase leading up here.
You climb upwards.
There is a stone staircase leading down here.
The jelly hits you.
* * * LOW HITPOINT WARNING * * *
You are splashed with acid!
You die...

...#..........#
...#..........#
...#..........#
..........[...#
##....################
#....# #...........#
##....####..J........#
.'....'..'.....J>....#
##....##.#......@....#
#....##.#...........#
#....##.#...........#
#....##.#.........###
#....##.#.........#
#....##.#.........#
#######)#...<.....#
##### #)#.........#
....####.#.........#


You could see a jelly and an endoplasm.

Vanquished Creatures
  2 orc wizards (D:3)
  A hound zombie (D:3)
  2 adders
  A worm (D:2)
  3 dart slugs
  An orc (D:3)
  9 ball pythons
  6 bats
  6 endoplasms
  2 giant cockroaches
  7 goblins
  4 hobgoblins
  3 quokkas
  4 frilled lizards
  12 kobolds
  3 rats
66 creatures vanquished.

Vanquished Creatures (others)
  11 fungi (D:3)
  6 plants (D:1)
  6 toadstools (D:3)
23 creatures vanquished.

Grand Total: 89 creatures vanquished

Notes
Turn   | Place    | Note
-------+----------+-------------------------------------------
     0 | D:5      | Reached skill level 9 in Stealth
     0 | D:5      | Ijustatesigmund the Gnoll Delver began the quest for the
                  | Orb.
     0 | D:5      | Reached XP level 1. HP: 23/23 MP: 1/1
    24 | D:5      | Noticed Sigmund
    87 | D:4      | Noticed a jelly
   150 | D:4      | Reached XP level 2. HP: 29/29 MP: 2/2
   481 | D:2      | Reached XP level 3. HP: 35/35 MP: 3/3
   535 | D:2      | Reached skill level 1 in Invocations
  1467 | D:1      | Reached skill level 1 in Short Blades
  1467 | D:1      | Reached skill level 1 in Long Blades
  1467 | D:1      | Reached skill level 1 in Maces & Flails
  1467 | D:1      | Reached skill level 1 in Polearms
  1467 | D:1      | Reached skill level 1 in Staves
  1467 | D:1      | Reached skill level 1 in Slings
  1467 | D:1      | Reached skill level 1 in Bows
  1467 | D:1      | Reached skill level 1 in Crossbows
  1467 | D:1      | Reached skill level 1 in Throwing
  1467 | D:1      | Reached skill level 1 in Armour
  1467 | D:1      | Reached skill level 1 in Shields
  1467 | D:1      | Reached skill level 1 in Unarmed Combat
  1467 | D:1      | Reached skill level 1 in Spellcasting
  1467 | D:1      | Reached skill level 1 in Evocations
  1559 | D:1      | Reached XP level 4. HP: 41/41 MP: 5/5
  2042 | D:1      | Identified a scroll of acquirement
  2042 | D:1      | Acquired a +2 buckler of reflection
  2925 | D:3      | Reached skill level 1 in Conjurations
  2925 | D:3      | Reached skill level 1 in Hexes
  2925 | D:3      | Reached skill level 1 in Summonings
  2925 | D:3      | Reached skill level 1 in Necromancy
  2925 | D:3      | Reached skill level 1 in Translocations
  2925 | D:3      | Reached skill level 1 in Transmutations
  2925 | D:3      | Reached skill level 1 in Fire Magic
  2925 | D:3      | Reached skill level 1 in Ice Magic
  2925 | D:3      | Reached skill level 1 in Air Magic
  2925 | D:3      | Reached skill level 1 in Earth Magic
  2925 | D:3      | Reached skill level 1 in Poison Magic
  3661 | D:3      | Reached XP level 5. HP: 26/47 MP: 5/7
  3951 | D:3      | Splashed by a jelly's acid

Illustrated notes

Levels and vault maps discovered:
D:1:      dpeg_arrival_rhombus, layout_basic, chequers_big_river, st_stairs_5
D:2:      layout_basic
D:3:      cheibrodos_fertilizer, layout_basic
D:4:      layout_rooms, temple_statues, serial_bayou_pond_d,
          minmay_quadrilaterals
D:5:      layout_basic, amcnicky_altar_gilded, uniq_sigmund,
          uniq_crazy_yiuf_cottage, uniq_edmund

Skill      XL: |  1  2  3  4 |
---------------+-------------+-----
Stealth        | |  9.7
Invocations    | 1 |  1.6
Short Blades   | 1 |  1.4
Long Blades    | 1 |  1.4
Maces & Flails | 1 |  1.4
Polearms       | 1 |  1.4
Staves         | 1 |  1.4
Slings         | 1 |  1.4
Bows           | 1 |  1.4
Crossbows      | 1 |  1.4
Throwing       | 1 |  1.4
Armour         | 1 |  1.4
Shields        | 1 |  1.4
Unarmed Combat | 1 |  1.4
Spellcasting   | 1 |  1.4
Evocations     | 1 |  1.4
Conjurations   | 1 |  1.1
Hexes          | 1 |  1.1
Summonings     | 1 |  1.1
Necromancy     | 1 |  1.1
Translocations | 1 |  1.1
Transmutations | 1 |  1.1
Fire Magic     | 1 |  1.1
Ice Magic      | 1 |  1.1
Air Magic      | 1 |  1.1
Earth Magic    | 1 |  1.1
Poison Magic   | 1 |  1.1
Fighting       | |  6.7
Axes           | |  4.8
Dodging        | |  4.8

Action                   |  1- 3 |  4- 6 || total
-------------------------+-------+-------++-------
Melee: Hand axe          |    95 |   158 ||   253
       Bite              |     8 |    10 ||    18
       Punch             |     2 |       ||     2
Throw: Dart              |       |     3 ||     3
  Use: Scroll            |     5 |     5 ||    10
       Potion            |       |     5 ||     5
 Stab: Sleeping          |     3 |     2 ||     5
Armor: Leather armour    |     3 |       ||     3
       Chain mail        |    53 |   100 ||   153
Dodge: Dodged            |    31 |    27 ||    58
Block: Buckler           |       |    50 ||    50
       Other             |       |     4 ||     4
       Reflection        |       |     3 ||     3

Table legend: (Time is in decaauts)
 A = Elapsed time spent in this place.
 B = Non-inter-level travel time spent in this place.
 C = Inter-level travel time spent in this place.
 D = Time resting spent in this place.
 E = Time spent auto-exploring this place.
 F = Levels seen in this place.
 G = Mean time per level.
                   A        B        C        D        E       F      G
               +--------+--------+--------+--------+--------+-----+--------+
         Total |   3963 |   3843 |    120 |    799 |   2153 |   5 |  792.6 |
       Dungeon |   3963 |   3843 |    120 |    799 |   2153 |   5 |  792.6 |
               +--------+--------+--------+--------+--------+-----+--------+

Top non-repeatable levels by time:
     D:3: 1438 daAuts
     D:2: 1198 daAuts
     D:1: 1150 daAuts
     D:4: 89 daAuts
     D:5: 86 daAuts
